 Dungeon Crawl Stone Soup version 0.29.0-11-gd7f09526c8 (webtiles) character file.

Game seed: 12215819665177974123

105243 Zeldest the Severer (level 16, -3/134 HPs)
             Began as a Ghoul Monk on Sept 4, 2022.
             Was a High Priest of Makhleb.
             Slain by a culicivora (12 damage)
             ... on level 3 of the Lair of Beasts.
             The game lasted 00:59:05 (26740 turns).

Zeldest the Severer (Ghoul Monk)                   Turns: 26740, Time: 00:59:05

Health: -3/134     AC: 21    Str: 23    XL:     16   Next: 40%
Magic:  33/33      EV: 11    Int: 11    God:    Makhleb [*****.]
Gold:   1977       SH:  0    Dex: 11    Spells: 15/15 levels left

rFire   + . .      SeeInvis +   a - +5 lochaber axe {reach-cleave, poleaxe}
rCold   + + +      Faith    +   (shield currently unavailable)
rNeg    + + +      Spirit   .   f - +8 ring mail of Follow the Leader {rPois rCorr}
rPois   ∞          Reflect  .   M - +2 hat {SInv}
rElec   .          Harm     .   F - +1 cloak
rCorr   +          Rampage  .   i - +0 pair of gloves
Will    +....                   s - +0 pair of boots
Stlth   ++........              N - amulet "Tiklodeo" {Faith rPois rC+ Int+6}
HPRegen 0.00/turn               u - ring of Isefrae {rC+ MP+9 Slay+4 Stlth+}
MPRegen 0.23/turn               G - ring of protection from fire

@: inhibited regen
A: claws 1, cold resistance 1, negative energy resistance 3, inhibited
regeneration, torment resistance 2, devour on kill
a: Renounce Religion, Minor Destruction, Lesser Servant of Makhleb, Major
Destruction, Greater Servant of Makhleb


You were on level 3 of the Lair of Beasts.
You worshipped Makhleb.
Makhleb was extremely pleased with you.
You visited 5 branches of the dungeon, and saw 22 of its levels.
You also visited: Ice Cave.

You collected 2551 gold pieces.
You spent 574 gold pieces at shops.

Inventory:

Hand Weapons
 a - the +5 lochaber axe (weapon) {reach-cleave, poleaxe}
   (You bought it in a shop on level 2 of the Dungeon)

   It can be evoked to extend its reach, and strikes at all foes within reach,
   dealing less damage to those not targeted.
   It uses either Axes or Polearms skill, whichever is higher.
 b - a +2 flail of protection
Missiles
 y - 7 curare-tipped darts (quivered)
 C - a throwing net
Armour
 f - the +8 ring mail of Follow the Leader (worn) {rPois rCorr}
   (You found it on level 6 of the Dungeon)

   rPois:     It protects you from poison.
   rCorr:     It protects you from acid and corrosion.
 i - a +0 pair of gloves (worn)
 s - a +0 pair of boots (worn)
 F - a +1 cloak (worn)
 M - a +2 hat of see invisible (worn)
Jewellery
 e - a ring of resist corrosion
 u - the ring of Isefrae (left hand) {rC+ MP+9 Slay+4 Stlth+}
   (You acquired it on level 10 of the Dungeon)

   [ring of slaying]

   Slay:      It affects your accuracy & damage with ranged weapons and melee
   (+4).
   rC:        It protects you from cold.
   MP:        It affects your magic capacity (+9).
   Stlth:     It makes you more stealthy.
 A - a ring of fire
 G - a ring of protection from fire (right hand)
 N - the amulet "Tiklodeo" (around neck) {Faith rPois rC+ Int+6}
   (You found it on level 13 of the Dungeon)

   [amulet of faith]

   It allows you to gain divine favour quickly.
   Int:       It affects your intelligence (+6).
   rC:        It protects you from cold.
   rPois:     It protects you from poison.
Wands
 h - a wand of flame (121)
 v - a wand of charming (27)
 B - a wand of quicksilver (6)
 O - a wand of polymorph (8)
Scrolls
 k - 6 scrolls of enchant weapon
 m - 2 scrolls of butterflies
 p - a scroll of enchant armour
 r - 3 scrolls of vulnerability
 w - 2 scrolls of summoning
 x - 2 scrolls of poison
 z - a scroll of amnesia
 E - a scroll of silence {unknown}
 H - 2 scrolls of teleportation
 I - a scroll of noise {unknown}
 J - 3 scrolls of fear {unknown}
 L - 2 scrolls of immolation {unknown}
Potions
 c - 2 potions of ambrosia
 d - 4 potions of curing
 g - a potion of magic
 j - 2 potions of might
 l - 3 potions of cancellation
 n - 3 potions of attraction
 o - 4 potions of flight
 t - 5 potions of brilliance
 K - a potion of resistance


   Skills:
 + Level 10.0 Fighting
 * Level 20.5 Axes
 + Level 6.5 Armour
 - Level 3.0 Dodging
 - Level 2.1 Stealth
 + Level 12.0 Invocations


You had 15 spell levels left.
You didn't know any spells.
Your spell library contained the following spells:

 Spells                   Type           Power      Damage    Failure   Level
 Apportation              Tloc           0%         N/A       47%         1
 Freeze                   Ice            0%         1d3       47%         1
 Magic Dart               Conj           0%         1d3       47%         1
 Necrotise                Necr           0%         1d4       47%         1
 Sandblast                Erth           0%         2d4       47%         1
 Shock                    Conj/Air       0%         1d3       47%         1
 Sting                    Tmut/Pois      0%         1d3       47%         1
 Summon Small Mammal      Summ           0%         N/A       47%         1
 Call Imp                 Summ           0%         N/A       63%         2
 Passwall                 Tmut/Erth      0%         N/A       63%         2
 Poisonous Vapours        Pois/Air       0%         N/A       63%         2
 Call Canine Familiar     Summ           0%         N/A       85%         3
 Dazzling Flash           Conj/Hex       0%         N/A       85%         3
 Frozen Ramparts          Ice            0%         1d1       85%         3
 Ignite Poison            Fire/Tmut/Pois 0%         N/A       85%         3
 Mephitic Cloud           Conj/Pois/Air  0%         N/A       85%         3
 Ozocubu's Armour         Ice            0%         N/A       85%         3
 Portal Projectile        Hex/Tloc       0%         N/A       85%         3
 Stone Arrow              Conj/Erth      0%         3d7       85%         3
 Summon Guardian Golem    Hex/Summ       0%         N/A       85%         3
 Swiftness                Air            0%         N/A       85%         3
 Tukima's Dance           Hex            0%         N/A       85%         3
 Vampiric Draining        Necr           0%         2d6       85%         3
 Airstrike                Air            0%         2d(0-16)  99%         4
 Hailstorm                Conj/Ice       0%         3d3       99%         4
 Iskenderun's Mystic Bla  Conj/Tloc      0%         2d3       99%         4
 Olgreb's Toxic Radiance  Pois           0%         N/A       99%         4
 Petrify                  Tmut/Erth      0%         N/A       99%         4
 Agony                    Necr           0%         N/A       100%        5
 Alistair's Intoxication  Tmut/Pois      0%         N/A       100%        5
 Freezing Cloud           Conj/Ice/Air   0%         6-21      100%        5
 Irradiate                Conj/Tmut      0%         3d11      100%        5
 Metabolic Englaciation   Hex/Ice        0%         N/A       100%        5
 Simulacrum               Ice/Necr       0%         N/A       100%        6
 Starburst                Conj/Fire      0%         6d3       100%        6
 Summon Hydra             Summ           0%         N/A       100%        7
 Polar Vortex             Ice            0%         N/A       100%        9
 Sublimation of Blood     Necr           Unusable   N/A       N/A         2
 Wereblood                Tmut           Unusable   N/A       N/A         2
 Blade Hands              Tmut           Unusable   N/A       N/A         5

Dungeon Overview and Level Annotations

Branches:
Dungeon (14/15)            Temple (1/1) D:6            Lair (5/5) D:11
  Swamp (0/4) Lair:2       Spider (1/4) Lair:3        Slime (0/5) Lair:5
    Orc (1/2) D:11          IceCv (visited)
 Vaults: D:13-14

Altars:
Ashenzari
Cheibriados
Dithmenos
Fedhas
Gozag
Hepliaklqana
Kikubaaqudgha
Makhleb
Nemelex Xobeh
Okawaru
Qazlal
Ru
Sif Muna
Trog
Uskayaw
Vehumet
Wu Jian
Xom
Yredelemnul
Jiyva

Shops:
D:2 (?((   D:3 *   D:8 *[

Annotations:
D:4 2 transporters
D:8 1 runed translucent door, Splishie's ghost, novice GnWn
D:10 1 runed translucent door, exclusions: 4 orange crystal statues and 1 more exclusion
D:13 6 transporters
Lair:3 exclusion: plant
Lair:5 1 runed translucent door, exclusions: dire elephant, 3 doors and 2 more exclusions


Innate Abilities, Weirdness & Mutations

You are immune to poison.
You have sharp fingernails.
Your flesh is cold resistant. (rC+)
You are immune to negative energy. (rN+++)
You do not regenerate when monsters are visible.
You are immune to unholy pain and torment.
You thrive by killing the living.


Message History

* * * LOW HITPOINT WARNING * * *
Okay, then.
You feel much better. The wolf spider closely misses you.
The wolf spider bites you!
* * * LOW HITPOINT WARNING * * *
The culicivora closely misses you. x2; The wolf spider hits you!
* * * LOW HITPOINT WARNING * * *
The wolf spider bites you but does no damage.
You feel much better. The culicivora bites you.
The culicivora barely misses you. The wolf spider hits you!
* * * LOW HITPOINT WARNING * * *
The wolf spider bites you!
* * * LOW HITPOINT WARNING * * *
The culicivora bites you!
* * * LOW HITPOINT WARNING * * *
The culicivora barely misses you.
Okay, then.
Okay, then.
The wolf spider attacks as you move away!
The wolf spider barely misses you. x2; The wolf spider is healed somewhat.
The wolf spider hits you.
* * * LOW HITPOINT WARNING * * *
The wolf spider closely misses you.
Okay, then.
Okay, then.
Okay, then.
Okay, then.
You feel better. The culicivora closely misses you.
The wolf spider barely misses you.
The wolf spider bites you but does no damage.
The culicivora bites you but does no damage. x2
Okay, then.
Okay, then.
You barely miss the wolf spider.
The wolf spider is moderately wounded.
You miss the culicivora. You barely miss the culicivora.
The wolf spider closely misses you. The wolf spider bites you!
* * * LOW HITPOINT WARNING * * *
The culicivora bites you!
You die...

#.....###.#..##....###..##......#
###...###..^#..#.........#.......
.##...#.#..#......^^^.^##.......#
........+....#^^.##..#.........=#
.##..#.#.....#....^..##.........#
...#####..####....#..##.........#
.....###...##..#≈≈....#######...#
............##^≈≈≈≈≈^####.#P##.##
............##^≈@s.≈..##.........
............#..+ss.+.^#..........
............## #^###.##..........
.............#########....##..P##
.####......................#...##
## ###......#.#P.##......##...#.
.#####.#...P.##...##...........##
..[................##....<.#.....
......#............#...........#.


You could see a wolf spider and 2 culicivoras.

Vanquished Creatures
  An ettin (Orc:1)
  Josephine (D:13)
  3 hydras
  3 boulder beetles
  2 ironbound frosthearts (IceCv)
  4 centaur warriors
  9 two-headed ogres
  6 death yaks
  Urug (D:13)
  Sonja (D:13)
  Lodul (D:13)
  An orb spider (Lair:3)
  Pikel (D:8)
  8 ugly things
  6 deep elf pyromancers
  4 cyclopes
  2 manticores
  Joseph (D:8)
  An ice statue (IceCv)
  Maurice (D:9)
  2 black mambas
  22 elephants
  3 gargoyles
  10 cane toads
  3 rime drakes
  3 unseen horrors
  A freezing wraith (D:14)
  4 kobold demonologists
  A tengu conjurer (D:13)
  A demonic crawler (Lair:3)
  9 komodo dragons
  3 trolls
  8 polar bears (IceCv)
  16 blink frogs
  3 slime creatures (D:13)
  2 tyrant leeches (Lair:2)
  A jumping spider (Spider:1)
  2 dream sheep (Lair:2)
  7 wraiths
  2 shadows
  2 wyverns
  28 yaks
  Grum (D:9)
  3 basilisks
  Eustachio (D:5)
  2 steam dragons
  2 swamp worms (Lair:3)
  Menkaure (D:5)
  2 acid dragons
  7 wargs
  Duvessa (D:7)
  3 hell hounds (D:10)
  3 water moccasins
  2 sky beasts (D:6)
  7 orc warriors
  A swamp drake (Orc:1)
  2 black bears
  17 wolves
  8 ogres
  5 centaurs
  5 kobold brigands
  8 bullfrogs
  4 scorpions
  5 gnoll sergeants (D:10)
  A two-headed ogre simulacrum (D:13)
  A necrophage (D:5)
  5 wights (D:7)
  Dowan (D:7)
  9 howler monkeys
  An electric eel (Lair:5)
  A crimson imp (Orc:1)
  A quasit (D:7)
  3 jellies
  10 gnoll boudas
  6 orc priests
  2 hounds
  An iron imp (Orc:1)
  Jessica (D:2)
  4 iguanas
  Ijyb (D:3)
  19 orc wizards
  A polar bear simulacrum (D:13)
  2 spriggan simulacra (D:13)
  A troll simulacrum (D:13)
  A wolf simulacrum (D:13)
  Robin (D:4)
  28 gnolls
  6 adders
  5 shadow imps
  3 white imps
  2 ufetubi
  3 worms
  2 dart slugs
  47 orcs
  6 bats
  5 endoplasms
  2 giant cockroaches
  13 goblins
  7 hobgoblins (D:3)
  10 jackals
  A quokka (D:3)
  8 ball pythons (D:2)
  3 frilled lizards
  21 kobolds
  3 rats
528 creatures vanquished.

Vanquished Creatures (collateral kills)
  Gastronok (D:12)
  A hydra (D:11)
  A two-headed ogre (D:10)
  2 ugly things
  An elephant (Lair:2)
  A kobold demonologist (D:10)
  An ogre (D:13)
  A kobold brigand (D:10)
  An orc priest (D:10)
  A troll simulacrum (D:13)
  A wolf simulacrum (D:13)
  3 orcs (D:9)
15 creatures vanquished.

Vanquished Creatures (others)
  A water moccasin (Lair:2)
  An orc priest (D:8)
  5 demonic plants (D:7)
  61 fungi
  56 plants
  4 withered plants (Lair:5)
128 creatures vanquished.

Grand Total: 671 creatures vanquished

Notes
Turn   | Place    | Note
-------+----------+-------------------------------------------
     0 | D:1      | Zeldest the Ghoul Monk began the quest for the Orb.
     0 | D:1      | Reached XP level 1. HP: 19/19 MP: 0/0
    65 | D:1      | Reached skill level 3 in Axes
    68 | D:1      | Reached XP level 2. HP: 20/26 MP: 1/1
   677 | D:2      | Found Bexy's Antique Weapon Emporium.
   711 | D:2      | Found Tiblaimm's Weapon Boutique.
   785 | D:2      | Reached XP level 3. HP: 33/33 MP: 2/2
   928 | D:2      | Reached XP level 4. HP: 40/40 MP: 3/3
   981 | D:2      | Reached skill level 4 in Axes
   991 | D:2      | Found Xani Uneu's Weapon Emporium.
  1017 | D:2      | Found Curippe's Magic Scroll Shop.
  1359 | D:2      | Noticed Jessica
  1366 | D:2      | Killed Jessica
  1367 | D:2      | Reached XP level 5. HP: 40/47 MP: 4/4
  1777 | D:3      | Identified the +1 leather armour of Mudiriyt {Will++ Str-5}
  1871 | D:3      | Noticed a black bear
  1880 | D:3      | Killed a black bear
  1881 | D:3      | Reached skill level 5 in Axes
  1881 | D:3      | Reached XP level 6. HP: 49/55 MP: 5/5
  1913 | D:3      | Found Fipis's General Store.
  2501 | D:3      | Found a blossoming altar of Fedhas.
  2543 | D:4      | Found a transporter.
  2898 | D:4      | Noticed Ijyb
  2898 | D:4      | Noticed Robin
  2931 | D:3      | Killed Ijyb
  3239 | D:4      | Killed Robin
  3240 | D:4      | Reached skill level 6 in Axes
  3272 | D:4      | Found a basalt altar of Yredelemnul.
  3707 | D:4      | Found a sacrificial altar of Ru.
  3813 | D:4      | Found a transporter.
  3954 | D:4      | Reached XP level 7. HP: 57/60 MP: 6/6
  4175 | D:5      | Entered Level 5 of the Dungeon
  4484 | D:5      | Reached skill level 7 in Axes
  4576 | D:5      | Noticed Eustachio
  4832 | D:5      | Noticed Menkaure
  4967 | D:6      | HP: 3/60 [gnoll/+0 spear[a gnoll bouda] (6)]
  5223 | D:6      | Found an iron altar of Okawaru.
  5243 | D:6      | Identified the +8 ring mail of Follow the Leader {rPois
                  | rCorr}
  5385 | D:5      | Reached XP level 8. HP: 53/67 MP: 7/7
  5386 | D:5      | Killed Eustachio
  5387 | D:5      | Reached skill level 8 in Axes
  5843 | D:5      | Killed Menkaure
  5844 | D:5      | Reached skill level 9 in Axes
  6477 | D:6      | Reached skill level 10 in Axes
  6481 | D:6      | Reached XP level 9. HP: 64/73 MP: 8/8
  6631 | D:6      | Found a staircase to the Ecumenical Temple.
  6640 | Temple   | Entered the Ecumenical Temple
  7352 | D:7      | Noticed Dowan
  7569 | D:7      | Noticed Duvessa
  7589 | D:7      | Killed Duvessa
  7594 | D:7      | Your ally Dowan died
  7595 | D:7      | Reached skill level 11 in Axes
  8002 | D:8      | Found Gaehiat's Armour Shoppe.
  8197 | D:8      | Noticed Splishie's ghost (novice GnWn)
  8199 | D:8      | Found a runed translucent door.
  8223 | D:8      | Noticed Joseph
  8328 | D:8      | Reached skill level 12 in Axes
  8355 | D:8      | Noticed Pikel
  8379 | D:8      | Killed Pikel
  8380 | D:8      | Reached XP level 10. HP: 42/80 MP: 9/9
  8548 | D:8      | Found a shimmering altar of Xom.
  8648 | D:8      | Found Zin's Purification Station.
  8800 | D:8      | Found a shimmering blue altar of Sif Muna.
  8893 | D:8      | Killed Joseph
  8894 | D:8      | Reached skill level 13 in Axes
  9489 | D:9      | Noticed Grum
  9746 | D:9      | Killed Grum
  9983 | D:9      | Found a burning altar of Makhleb.
  9983 | D:9      | Noticed Maurice
  9985 | D:9      | Found a hide-covered altar of Uskayaw.
 10011 | D:9      | Killed Maurice
 10132 | D:10     | Entered Level 10 of the Dungeon
 10133 | D:10     | Noticed a two-headed ogre
 10147 | D:10     | Killed a two-headed ogre
 10148 | D:10     | Reached skill level 14 in Axes
 10390 | D:10     | Identified 2 scrolls of acquirement
 10390 | D:10     | Acquired 1094 gold pieces
 10404 | D:10     | Acquired the ring of Isefrae {rC+ MP+9 Slay+4 Stlth+}
 10862 | D:2      | Bought the +5 lochaber axe {reach-cleave, poleaxe} for 574
                  | gold pieces
 10862 | D:2      | Found the +5 lochaber axe {reach-cleave, poleaxe}
 11092 | D:9      | Reached skill level 5 in Fighting
 11111 | D:9      | Identified the +3 robe "Hoetsoal" {rC++ rN+}
 11358 | D:10     | Found a runed translucent door.
 11359 | D:10     | Noticed an orange crystal statue
 11409 | D:10     | Found the +10 tower shield of Ignorance {rN+ Int-4}
 11490 | D:10     | Noticed a kobold demonologist
 11516 | D:10     | Found a runed translucent door.
 11589 | D:9      | Became a worshipper of Makhleb the Destroyer
 11589 | D:9      | Reached * piety under Makhleb
 11589 | D:9      | Reached ** piety under Makhleb
 11655 | D:10     | Noticed a two-headed ogre
 11661 | D:10     | Killed a two-headed ogre
 11662 | D:10     | Reached skill level 1 in Invocations
 11662 | D:10     | Reached XP level 11. HP: 88/88 MP: 11/11
 11932 | D:10     | Found an opulent altar of Gozag.
 12273 | D:10     | Reached skill level 15 in Axes
 12584 | D:10     | Noticed a two-headed ogre
 12590 | D:10     | Killed a two-headed ogre
 12794 | D:10     | Noticed a two-headed ogre
 12800 | D:10     | Killed a two-headed ogre
 12817 | D:10     | Reached *** piety under Makhleb
 12820 | D:10     | Noticed a deep elf pyromancer
 12820 | D:10     | Noticed a two-headed ogre
 12820 | D:10     | Noticed a two-headed ogre
 13495 | D:11     | Found a staircase to the Lair.
 13500 | D:11     | Noticed a two-headed ogre
 13504 | Lair:1   | Entered Level 1 of the Lair of Beasts
 13802 | Lair:1   | Reached skill level 5 in Invocations
 14143 | Lair:2   | Identified the +0 scale mail of the Lemon {rPois rF+}
 14281 | Lair:2   | Noticed a boulder beetle
 14333 | Lair:2   | Reached skill level 16 in Axes
 14333 | Lair:2   | Reached XP level 12. HP: 69/96 MP: 15/15
 14594 | Lair:2   | Found a staircase to the Swamp.
 15337 | Lair:2   | Noticed a boulder beetle
 15377 | Lair:3   | Found a hole to the Spider Nest.
 15951 | Lair:3   | Noticed a death yak
 16023 | Lair:3   | Noticed a death yak
 16035 | Lair:3   | Noticed a death yak
 16040 | Lair:2   | Killed a death yak
 16041 | Lair:2   | Reached skill level 1 in Armour
 16050 | Lair:2   | Killed a death yak
 16059 | Lair:3   | Killed a death yak
 16241 | Lair:3   | Noticed a four-headed hydra
 16251 | Lair:3   | Killed a four-headed hydra
 17112 | Lair:4   | Noticed a catoblepas
 17304 | Lair:4   | Reached skill level 17 in Axes
 17336 | Lair:4   | Noticed a four-headed hydra
 17347 | Lair:4   | Killed a four-headed hydra
 17492 | Lair:5   | Entered Level 5 of the Lair of Beasts
 17504 | Lair:5   | Reached XP level 13. HP: 67/105 MP: 17/17
 17539 | Lair:5   | Reached **** piety under Makhleb
 18341 | Lair:5   | Noticed a dire elephant
 18363 | Lair:5   | Noticed a dire elephant
 18441 | Lair:5   | Found a runed translucent door.
 18443 | Lair:5   | Found a viscous altar of Jiyva.
 18451 | Lair:5   | Found a staircase to the Slime Pits.
 18894 | Lair:2   | Reached skill level 18 in Axes
 20050 | D:11     | Reached XP level 14. HP: 87/116 MP: 19/19
 20353 | D:11     | Found a staircase to the Orcish Mines.
 20358 | Orc:1    | Entered Level 1 of the Orcish Mines
 20404 | Orc:1    | Reached ***** piety under Makhleb
 20502 | Orc:1    | Reached skill level 19 in Axes
 22298 | D:12     | Noticed Gastronok
 22320 | D:12     | Killed Gastronok
 22891 | D:13     | Identified the amulet "Tiklodeo" {Faith rPois rC+ Int+6}
 22912 | D:13     | Found a transporter.
 22918 | D:13     | Found a transporter.
 22959 | D:13     | Noticed Urug
 22981 | D:13     | Killed Urug
 22982 | D:13     | Reached skill level 5 in Armour
 23109 | D:13     | Noticed Lodul
 23120 | D:13     | Killed Lodul
 23142 | D:13     | Found a frozen archway.
 23152 | D:13     | Noticed Sonja
 23162 | D:13     | Killed Sonja
 23170 | IceCv    | Entered an ice cave
 23240 | IceCv    | Reached skill level 20 in Axes
 23617 | IceCv    | Reached XP level 15. HP: 74/125 MP: 21/21
 23620 | IceCv    | Reached ****** piety under Makhleb
 24345 | D:13     | Noticed Josephine
 24354 | D:13     | Killed Josephine
 24355 | D:13     | Reached skill level 10 in Invocations
 24384 | D:13     | Found a transporter.
 24385 | D:13     | Found a transporter.
 24560 | D:13     | Found a transporter.
 25120 | D:13     | Found a transporter.
 25918 | D:14     | Reached skill level 10 in Fighting
 26016 | D:14     | Found a sparkling altar of Nemelex Xobeh.
 26489 | D:10     | Reached XP level 16. HP: 134/134 MP: 24/24
 26719 | Spider:1 | Entered Level 1 of the Spider Nest
 26740 | Lair:3   | Slain by a culicivora

Illustrated notes

Levels and vault maps discovered:
D:1:      onia_arrival_pyramid, layout_basic, serial_glass, glass_columns_a,
          glass_columns_b, glass_columns_a, glass_columns_a, glass_columns_b,
          glass_columns_b, chequers_serial_rivers_micro_b
D:2:      layout_basic, serial_shops, shop, shop, nicolae_shop_stone, shop,
          minmay_joined_circles, uniq_jessica
D:3:      layout_loops_ring, fedhas_altar_4, serial_shops, shop,
          kennysheep_generic_room_11
D:4:      gammafunk_wand_slinger, layout_basic, nicolae_ru_sacrificial_ziggurat,
          mainiacjoe_overflow_alcove_1, uniq_robin, uniq_ijyb
D:5:      layout_basic, palyth_stone_intersect, uniq_menkaure, uniq_eustachio
D:6:      layout_loops_cross, mainiacjoe_overflow_six_doors_small,
          lemuel_temple_firewalk_b, dk_rats_in_the_wall
D:7:      layout_rooms, serial_demonic, serial_demonic_f, serial_demonic_b,
          serial_demonic_g, serial_demonic_f, serial_demonic_g,
          serial_demonic_c, serial_demonic_e, uniq_duvessa
D:8:      layout_basic, zin_purify, mainiacjoe_overflow_surrounded_room,
          nicolae_overflow_crystal_walls, hellmonk_ghost_happy_afterlife,
          serial_shops, nicolae_shop_waterfront, uniq_pikel, uniq_joseph
D:9:      layout_roguey, nicolae_overflow_hidden_temple, uniq_maurice, uniq_grum
D:10:     lemuel_castle_with_subvaults [lemuel_castle_interior_carwin_3],
          layout_stronghold, mainiacjoe_overflow_boulevard,
          chequers_guarded_unrand_ignorance
D:11:     layout_small_grid, lair_entry_dummy, orc_0_dummy
D:12:     layout_long_grid, uniq_gastronok
D:13:     layout_cave_pods, portal_ice_cave_entry_ice_simulacra,
          minmay_misc_feat_square, serial_nicolae_subway,
          nicolae_sub_station_crystal, nicolae_sub_station_metal,
          nicolae_sub_station_stone, uniq_sonja, uniq_josephine, uniq_urug,
          uniq_lodul
D:14:     layout_irregular_city, erik_vaults_2, nemelex_diamond_rough_becter,
          minivault_5
Temple:   nicolae_temple_ecumenical_triangle
Lair:1:   layout_regular_city
Lair:2:   nzn_winding_woodlands_stair_cross [nzn_winding_woodlands_5x15_garden,
          nzn_winding_woodlands_center_diamonds,
          nzn_winding_woodlands_5x15_concentric,
          nzn_winding_woodlands_5x5_default,
          nzn_winding_woodlands_5x5_open_star,
          nzn_winding_woodlands_5x15_zeroes, nzn_winding_woodlands_center_lodge,
          nzn_winding_woodlands_5x15_sidewinder], layout_gridlike,
          minmay_swamp_entry_worms
Lair:3:   layout_regular_city, nicolae_spider_entry_orb_guardian, worms_lemuel
Lair:4:   layout_roguey, chequers_serial_rivers_micro_e
Lair:5:   due_jungle_book, layout_loops_ring, slime_entry_2, st_stairs_3,
          nicolae_lair_grove_arrangements, grunt_megastairs_3,
          infiniplex_staircase_pool
Spider:1: layout_spider_delve
Orc:1:    giant_chief_lemuel, layout_caves, hangedman_minor_magic

Skill      XL: |  1  2  3  4  5  6  7  8  9 10 11 12 13 14 15 |
---------------+----------------------------------------------+-----
Axes           | 3 4 5 6 7 10 12 14 16 17 18 20 | 20.5
Fighting       | 4 5 6 7 8 9 10 | 10.0
Dodging        | 3 |  3.0
Invocations    | 1 5 7 9 12 | 12.0
Armour         | 3 4 5 6 |  6.5
Stealth        | |  2.1

Action                   |  1- 3 |  4- 6 |  7- 9 | 10-12 | 13-15 | 16-18 || total
-------------------------+-------+-------+-------+-------+-------+-------++-------
Melee: Hand axe          |    94 |   173 |   378 |       |       |       ||   645
       Punch             |     1 |     2 |     6 |       |     1 |       ||    10
       Flail             |       |       |     9 |   220 |    16 |       ||   245
       Lochaber axe      |       |       |       |   276 |   557 |    26 ||   859
Throw: Dart              |       |       |       |       |     1 |       ||     1
Invok: Lesser Servant of |       |       |       |     2 |     7 |       ||     9
Evoke: Wand              |       |     5 |    39 |    18 |     2 |       ||    64
  Use: Scroll            |       |       |    12 |    16 |     7 |     1 ||    36
       Potion            |       |       |     4 |     7 |     2 |     3 ||    16
 Stab: Sleeping          |       |     1 |       |     5 |    11 |     1 ||    18
       Distracted        |       |       |       |       |     4 |     1 ||     5
       Invisible         |       |       |       |       |     7 |       ||     7
Armor: Robe              |     5 |       |       |       |       |       ||     5
       Ring mail         |    22 |    25 |   129 |   233 |   289 |    22 ||   720
       Chain mail        |       |    48 |    50 |       |       |       ||    98
Dodge: Dodged            |    60 |    78 |   171 |   259 |   239 |    15 ||   822
